 Dungeon Crawl Stone Soup version 0.16.2-12-gd0ad4c3 (webtiles) character file.

37935 faibistes the Thaumaturge (level 13, -5/76 HPs)
             Began as a Deep Elf Wizard on Nov 4, 2018.
             Was the Champion of Sif Muna.
             Slain by Rupert
             ... wielding a +3 great sword of slicing
              (36 damage)
             ... on level 7 of the Lair of Beasts.
             The game lasted 01:21:57 (30575 turns).

faibistes the Thaumaturge (Deep Elf Wizard)        Turns: 30575, Time: 01:21:57

Health: -5/76      AC:  9    Str:  4    XL:     13   Next: 61%
Magic:  1/36       EV: 17    Int: 29    God:    Sif Muna [******]
Gold:   1005       SH:  0    Dex: 13    Spells: 10 memorised, 5 levels left

rFire  . . .     SeeInvis .     w - +9 dagger (drain)
rCold  . . .     Clarity  .     Z - +2 robe {rN+}
rNeg   + . .     SustAb   .     (no shield)
rPois  +         Gourm    .     t - +2 hat
rElec  .         Spirit   .     E - +2 cloak
rCorr  .         Warding  .     (no gloves)
rMut   +         Stasis   .     (no boots)
MR     +....                    c - amulet of resist mutation
Stlth  ++........               m - ring of wizardry
                                p - ring of poison resistance

@: repel missiles, somewhat resistant to hostile enchantments, unstealthy
A: no striking features
a: Channel Energy, Forget Spell, Renounce Religion


You were on level 7 of the Lair of Beasts.
You worshipped Sif Muna.
Sif Muna was exalted by your worship.
You were not hungry.

You visited 3 branches of the dungeon, and saw 22 of its levels.

You collected 1005 gold pieces.

Inventory:

Hand weapons
 w - a +9 dagger of draining (weapon)
 Q - a +2 flail of holy wrath
 W - the +12 Glaive of Prune {chop}
   (You found it on level 5 of the Dungeon)

   It inflicts extra damage upon your enemies.
Armour
 t - a +2 hat (worn)
 E - a +2 cloak (worn)
 Z - a +2 robe of positive energy (worn)
Magical staves
 a - an uncursed staff of air
Jewellery
 c - an amulet of resist mutation (around neck)
 h - an uncursed ring of stealth
 m - a ring of wizardry (right hand)
 o - an uncursed ring of protection from fire
 p - a ring of poison resistance (left hand)
 O - an uncursed ring of protection from cold
Magical devices
 k - a wand of fire (8)
 l - a wand of heal wounds (6)
 r - a wand of slowing (6)
 v - a wand of hasting (6)
 y - a wand of confusion (2)
 z - a wand of cold (9)
 C - a wand of digging (9)
 J - a wand of paralysis (1)
 K - a wand of fireball (4)
 V - a wand of fire (3)
 X - a wand of fireball (3)
Scrolls
 e - 3 scrolls of teleportation
 j - 3 scrolls of recharging
 u - 3 scrolls of remove curse
 A - a scroll of immolation
 H - 2 scrolls of fear
 P - a scroll of magic mapping
Potions
 b - a potion of cure mutation {unknown}
 q - 2 potions of magic
 s - a potion of invisibility {unknown}
 D - a potion of degeneration {unknown}
 F - 3 potions of flight
 G - 3 potions of brilliance
 L - 4 potions of heal wounds
 R - 2 potions of poison {unknown}
 U - 3 potions of resistance
Comestibles
 d - 17 bread rations
 f - 4 meat rations
 g - 3 royal jellies
 i - 3 beef jerkies
 n - 19 fruits


   Skills:
 + Level 6.8 Fighting
 + Level 9.4 Dodging
 - Level 2.4 Stealth
 * Level 13.6 Spellcasting
 + Level 7.8 Conjurations
 - Level 7.1 Charms
 - Level 3.0 Summonings
 - Level 7.0 Translocations
 - Level 3.5 Transmutations
 * Level 7.3 Fire Magic
 - Level 4.0 Air Magic
 * Level 7.5 Earth Magic
 - Level 2.2 Poison Magic
 * Level 7.6 Invocations
 + Level 7.7 Evocations


You had 5 spell levels left.
You knew the following spells:

 Your Spells              Type           Power        Failure   Level  Hunger
a - Magic Dart            Conj           ####         1%          1    None
b - Conjure Flame         Conj/Fire      ######..     1%          3    None
c - Summon Lightning Spi  Summ/Air       #####...     4%          4    None
d - Blink                 Tloc           N/A          1%          2    None
e - Mephitic Cloud        Conj/Pois/Air  #####...     1%          3    None
f - Repel Missiles        Chrm/Air       ######       1%          2    None
i - Ignite Poison         Fire/Trmt      ######....   4%          5    #......
v - Bolt of Magma         Conj/Fire/Erth ######....   1%          5    #......
x - Iskenderun's Mystic   Conj           ######..     1%          4    None
z - Fireball              Conj/Fire      ######....   1%          5    #......


Dungeon Overview and Level Annotations

Branches:
Dungeon (13/15)            Temple (1/1) D:7            Lair (8/8) D:11
  Swamp (0/5) Lair:4        Snake (0/5) Lair:5          Orc (0/4) D:11
  Slime: Lair:6-8    Vaults: D:13-14

Altars:
Ashenzari
Cheibriados
Dithmenos
Elyvilon
Fedhas
Gozag
Kikubaaqudgha
Makhleb
Nemelex Xobeh
Okawaru
Qazlal
Ru
Sif Muna
Trog
Vehumet
Xom
Yredelemnul
Zin
The Shining One

Annotations:
Lair:7 Rupert


Message History

You don't have enough magic to cast that spell.
Unknown command.
Unknown command.
Evoke which item? (* to show all) (? for menu, Esc to quit)
Zapping:
k - a wand of fire {zapped: 2} (will waste charges)
Press: ? - help, Shift-Dir - straight line, f/p - Rupert
Aim: Rupert, wielding a great sword of slicing and wearing a scale mail (flame, severely wounded, berserk, fast, unusually strong)
The bolt of fire misses Rupert.
Evoking this partially-identified wand wasted a few charges.
Rupert is engulfed in roaring flames. x2
Rupert hits you with a great sword of slicing!!!
Evoke which item? (* to show all) (? for menu, Esc to quit)
Zapping:
V - a wand of fire (will waste charges)
Press: ? - help, Shift-Dir - straight line, f/p - Rupert
Aim: Rupert, wielding a great sword of slicing and wearing a scale mail (flame, severely wounded, berserk, fast, unusually strong)
The bolt of fire misses Rupert.
Evoking this partially-identified wand wasted a few charges.
Rupert is engulfed in roaring flames.
Rupert hits you with a great sword of slicing!!!
You die...

#..........# #..........#
#.........## # ###
#P........# ########.#
#.........# .#P##.#.####
##.........##
§§§§.....#.###.#.........#
##.8......##...#........P#
##...###.§§§§§@@.......##
##.## ###..##..........#
### ######....#...##
##.#.....# ###......#.#
###### ####....#..####
#.##.######.#.#...P...#
##.##...#.#......P....##
##......#..##.........##


You could see Rupert (berserk).

Vanquished Creatures
  Snorg (Lair:4)
  4 hydras (Lair:6)
  Erica (Lair:4)
  3 death yaks (Lair:6)
  5 hill giants
  A griffon (Lair:7)
  A cyclops (D:11)
  Joseph (D:9)
  A gargoyle (D:10)
  12 spiny frogs
  Psyche (D:11)
  A black mamba (Lair:5)
  5 fire drakes
  5 komodo dragons
  2 trolls
  A giant leech (Lair:4)
  9 blink frogs
  8 basilisks
  A shadow (D:12)
  2 hungry ghosts
  5 hippogriffs
  A fire elemental (Lair:5)
  A steam dragon (Lair:6)
  28 yaks
  Edmund (D:5)
  15 water moccasins
  A swamp worm (Lair:4)
  2 wargs (D:11)
  A naga (Lair:5)
  10 wolves
  3 orc warriors
  8 porcupines
  5 ogres
  2 phantoms
  4 ice beasts
  9 centaurs
  5 sky beasts
  A black bear (D:9)
  2 necrophages
  11 crocodiles
  A big kobold (D:10)
  Duvessa (D:4)
  A gnoll sergeant (D:9)
  Blork the orc (D:4)
  23 giant frogs
  A brain worm (Lair:6)
  A wyvern zombie (D:12)
  3 scorpions
  3 killer bees (D:10)
  2 crimson imps
  4 electric eels
  7 hounds
  A giant frog zombie (D:10)
  Dowan (D:4)
  3 goliath beetles
  A jelly (D:9)
  A quasit (D:9)
  9 worker ants
  Crazy Yiuf (D:4)
  2 centaur skeletons
  A giant frog skeleton (D:8)
  6 orc priests
  11 iguanas
  6 orc wizards
  28 sheep
  A mummy (D:8)
  16 gnolls
  54 river rats
  6 shadow imps
  32 adders
  4 giant mites
  3 worms
  An adder skeleton (D:6)
  6 giant geckos
  An ooze (D:7)
  51 orcs
  A bat zombie (D:8)
  7 giant cockroaches
  23 hobgoblins
  26 kobolds
  15 quokkas
  19 bats
  2 giant newts
  2 giant spores
  14 goblins
  8 jackals
  A quokka zombie (D:7)
  22 rats
  3 rat zombies (D:9)
  3 ballistomycetes (D:8)
  2 bushes
  A fungus (Lair:6)
  2 plants
625 creatures vanquished.

Vanquished Creatures (collateral kills)
  A death yak (Lair:7)
  11 yaks
  An orc warrior (D:11)
  A phantom (D:9)
  A big kobold (D:11)
  A centaur skeleton (D:11)
  An orc wizard (D:11)
  2 kobolds (D:11)
  A giant spore (D:9)
20 creatures vanquished.

Vanquished Creatures (others)
  A fire vortex (Lair:5)
  3 lightning spires
  15 fungi
  3 plants
22 creatures vanquished.

Grand Total: 667 creatures vanquished

Notes
Turn   | Place    | Note
--------------------------------------------------------------
     0 | D:1      | faibistes, the Deep Elf Wizard, began the quest for the Orb.
     0 | D:1      | Reached XP level 1. HP: 10/10 MP: 6/6
   249 | D:1      | Reached XP level 2. HP: 7/15 MP: 2/10
   258 | D:1      | Learned a level 2 spell: Blink
   261 | D:1      | Learned a level 2 spell: Call Imp
   774 | D:1      | Reached XP level 3. HP: 19/19 MP: 10/13
   779 | D:1      | Learned a level 3 spell: Conjure Flame
   783 | D:1      | Learned a level 3 spell: Mephitic Cloud
   807 | D:1      | Reached skill level 5 in Spellcasting
  1487 | D:3      | Reached XP level 4. HP: 6/24 MP: 7/17
  1878 | D:2      | Learned a level 2 spell: Repel Missiles
  2079 | D:2      | Reached skill level 6 in Spellcasting
  2199 | D:3      | Reached XP level 5. HP: 21/28 MP: 1/20
  3074 | D:2      | Found an opulent altar of Gozag.
  3148 | D:2      | Reached skill level 1 in Evocations
  3814 | D:4      | Reached skill level 1 in Fighting
  4042 | D:3      | Reached XP level 6. HP: 34/34 MP: 4/22
  4831 | D:4      | Found a shattered altar of Ashenzari.
  4840 | D:4      | Noticed Blork the orc
  4852 | D:4      | Killed Blork the orc
  4852 | D:4      | Reached skill level 7 in Spellcasting
  5060 | D:5      | Entered Level 5 of the Dungeon
  5060 | D:5      | Found a staircase to the Ecumenical Temple.
  5260 | D:5      | Reached XP level 7. HP: 40/40 MP: 18/25
  5750 | D:4      | Noticed Crazy Yiuf
  5758 | D:4      | Killed Crazy Yiuf
  5878 | D:4      | Noticed Duvessa
  5889 | D:4      | Noticed Dowan
  5896 | D:4      | Killed Dowan
  5907 | D:4      | Killed Duvessa
  5907 | D:4      | Reached skill level 8 in Spellcasting
  6190 | D:5      | Reached skill level 5 in Dodging
  6274 | D:5      | Found a glowing silver altar of Zin.
  6532 | D:6      | Reached XP level 8. HP: 42/47 MP: 16/27
  7032 | D:5      | Found a burning altar of Makhleb.
  7205 | D:5      | Found a stormy altar of Qazlal.
  7302 | D:5      | Noticed Edmund
  7320 | D:5      | Killed Edmund
  7320 | D:5      | Reached skill level 9 in Spellcasting
  7707 | D:6      | Found a glowing golden altar of the Shining One.
  7871 | D:6      | Found a sacrificial altar of Ru.
  7908 | D:6      | Found a white marble altar of Elyvilon.
  8198 | D:7      | Found a staircase to the Ecumenical Temple.
  8206 | Temple   | Entered the Ecumenical Temple
  8484 | D:7      | Reached skill level 10 in Spellcasting
  8522 | D:7      | Found a bloodstained altar of Trog.
  8547 | D:7      | Reached XP level 9. HP: 53/53 MP: 20/30
  8574 | D:7      | Reached skill level 5 in Fighting
  8581 | D:7      | Got a bloodstained long sword
  8582 | D:7      | Identified the cursed +3 long sword "Midun" {drain, rC+ Str+5} (You found it on level 7 of the Dungeon)
  9275 | D:7      | Reached skill level 5 in Evocations
  9432 | D:7      | Found a radiant altar of Vehumet.
  9432 | D:7      | Found a deep blue altar of Sif Muna.
  9435 | D:7      | Became a worshipper of Sif Muna the Loreminder
  9780 | D:9      | Reached skill level 1 in Fire Magic
  9803 | D:10     | Entered Level 10 of the Dungeon
  9824 | D:11     | Noticed a hill giant
  9832 | D:11     | Killed a hill giant
  9832 | D:11     | Acquired Sif Muna's first power
  9832 | D:11     | Reached skill level 11 in Spellcasting
  9832 | D:11     | Reached skill level 1 in Air Magic
  9832 | D:11     | Reached skill level 1 in Poison Magic
  9945 | D:11     | Noticed Psyche
  9945 | D:11     | Noticed a cyan ugly thing
 10030 | D:8      | Identified 2 scrolls of acquirement
 10031 | D:8      | Identified the Disquisition on the Escort (You acquired it on level 8 of the Dungeon)
 10033 | D:8      | Identified faibistes' Disquisition on Conjuration (You acquired it on level 8 of the Dungeon)
 10040 | D:8      | Learned a level 5 spell: Fireball
 10046 | D:8      | Learned a level 5 spell: Bolt of Magma
 10051 | D:8      | Learned a level 4 spell: Iskenderun's Mystic Blast
 10055 | D:8      | Learned a level 3 spell: Stone Arrow
 10250 | D:9      | Noticed Joseph
 10619 | D:9      | Killed Joseph
 10619 | D:9      | Reached skill level 5 in Conjurations
 10619 | D:9      | Reached skill level 1 in Earth Magic
 10619 | D:9      | Reached XP level 10. HP: 51/59 MP: 2/32
 10849 | D:8      | Learned a level 4 spell: Summon Lightning Spire
 11481 | D:8      | Found a sparkling altar of Nemelex Xobeh.
 11643 | D:9      | Acquired Sif Muna's second power
 11865 | D:10     | Noticed a hill giant
 11872 | D:10     | Killed a hill giant
 12208 | D:9      | Reached skill level 1 in Charms
 12456 | D:9      | Reached skill level 1 in Invocations
 12685 | D:9      | Found an ancient bone altar of Kikubaaqudgha.
 14168 | D:10     | Noticed a hill giant
 14172 | D:10     | Killed a hill giant
 14713 | D:10     | Noticed a komodo dragon
 14718 | D:10     | Killed a komodo dragon
 14718 | D:10     | Reached XP level 11. HP: 43/64 MP: 19/33
 15500 | D:11     | Noticed a hill giant
 15508 | D:11     | Killed a hill giant
 15963 | D:11     | Noticed a cyclops
 15974 | D:11     | Killed a cyclops
 15974 | D:11     | Reached skill level 12 in Spellcasting
 16305 | D:11     | Noticed a fire drake
 16330 | D:11     | Killed a fire drake
 16390 | D:11     | Killed Psyche
 16871 | D:11     | Found a staircase to the Orcish Mines.
 16918 | D:11     | Acquired Sif Muna's third power
 17531 | D:11     | Found a staircase to the Lair.
 17736 | D:11     | Noticed a hill giant
 17747 | D:11     | Killed a hill giant
 18596 | Lair:1   | Entered Level 1 of the Lair of Beasts
 18786 | Lair:2   | Learned a level 5 spell: Ignite Poison
 19294 | Lair:2   | Reached skill level 1 in Transmutations
 19342 | Lair:1   | Reached skill level 5 in Invocations
 19518 | Lair:2   | Reached skill level 5 in Fire Magic
 19531 | Lair:2   | Identified the Incunabulum of the Creative Oath
 19974 | Lair:1   | Reached XP level 12. HP: 70/70 MP: 24/35
 20451 | Lair:1   | Reached skill level 5 in Earth Magic
 21086 | Lair:2   | Reached skill level 5 in Charms
 21206 | Lair:3   | Reached skill level 5 in Translocations
 22903 | Lair:4   | Noticed Erica
 23008 | Lair:4   | Killed Erica
 23205 | Lair:4   | Noticed Snorg
 23221 | Lair:4   | Killed Snorg
 23431 | Lair:4   | Found a staircase to the Swamp.
 23804 | Lair:4   | You fall through a shaft!
 24352 | Lair:7   | Reached skill level 13 in Spellcasting
 24400 | Lair:6   | Noticed a six-headed hydra
 24403 | Lair:6   | Killed a six-headed hydra
 24628 | Lair:8   | Entered Level 8 of the Lair of Beasts
 25736 | Lair:3   | Received a gift from Sif Muna
 25736 | Lair:3   | Reached XP level 13. HP: 75/75 MP: 25/36
 25737 | Lair:3   | Identified Urghegh's Compendium of Damaging Air (Sif Muna gifted it to you on level 3 of the Lair of Beasts)
 27167 | Lair:5   | Found a staircase to the Snake Pit.
 28476 | Lair:6   | Noticed a seven-headed hydra
 28482 | Lair:6   | Killed a seven-headed hydra
 28728 | Lair:6   | Noticed a seven-headed hydra
 28732 | Lair:6   | Killed a seven-headed hydra
 29395 | Lair:7   | Noticed Rupert
 30575 | Lair:7   | Slain by Rupert

Action                   |  1- 3 |  4- 6 |  7- 9 | 10-12 | 13-15 || total
-------------------------+-------+-------+-------+-------+-------++-------
Melee: Club              |       |    10 |       |       |       ||    10
       Dagger            |       |       |   125 |   160 |    19 ||   304
       Glaive            |       |       |     4 |       |       ||     4
 Cast: Magic Dart        |    76 |   195 |   332 |   107 |       ||   710
       Mephitic Cloud    |     1 |    25 |    30 |    39 |     5 ||   100
       Blink             |       |     7 |     1 |     4 |    12 ||    24
       Repel Missiles    |       |     1 |     1 |     2 |       ||     4
       Conjure Flame     |       |     8 |    24 |    49 |    37 ||   118
       Fireball          |       |       |     7 |   186 |    79 ||   272
       Iskenderun's Myst |       |       |       |    65 |     6 ||    71
       Bolt of Magma     |       |       |       |    42 |    12 ||    54
       Summon Lightning  |       |       |       |     9 |     7 ||    16
       Ignite Poison     |       |       |       |    16 |    11 ||    27
Invok: Channel Energy    |       |       |       |    23 |     9 ||    32
       Forget Spell      |       |       |       |     1 |       ||     1
Evoke: Wand              |       |       |     1 |     9 |     2 ||    12
  Use: Scroll            |       |     8 |    14 |    23 |       ||    45
       Potion            |       |     2 |       |     8 |     1 ||    11
 Stab: Confused          |       |     2 |     9 |     1 |       ||    12
       Sleeping          |       |       |       |     2 |       ||     2
       Paralysed         |       |       |       |     1 |       ||     1
       Distracted        |       |       |       |       |     1 ||     1
  Eat: Chunk             |     2 |    11 |    16 |    54 |    14 ||    97
       Fruit             |       |       |       |    10 |       ||    10
       Pizza             |       |       |       |       |     1 ||     1
       Beef jerky        |       |       |       |       |     1 ||     1
